 Dungeon Crawl Stone Soup version 0.28.0-53-g5a82cb258f (webtiles) character file.

Game seed: 11033669077947859941

2699 Zeld the Ogre Mage (level 9, -3/83 HPs)
             Began as an Ogre Transmuter on May 22, 2022.
             Was a Follower of Hepliaklqana.
             Slain by a yak (14 damage)
             ... on level 8 of the Dungeon.
             The game lasted 00:06:00 (9746 turns).

Zeld the Ogre Mage (Ogre Transmuter)                Turns: 9746, Time: 00:06:00

Health: -3/83      AC:  2    Str: 20    XL:     9   Next: 65%
Magic:  0/21       EV: 18    Int: 14    God:    Hepliaklqana [*.....]
Gold:   340        SH:  0    Dex: 14    Spells: 15/25 levels left

rFire   . . .      SeeInvis .     - Unarmed
rCold   . . .      Faith    .   (shield currently unavailable)
rNeg    + . .      Spirit   +   (armour currently unavailable)
rPois   x          Reflect  .   (helmet currently unavailable)
rElec   .          Harm     .   (cloak currently unavailable)
rCorr   .          Rampage  .   (gloves unavailable)
Will    .....                   (boots unavailable)
Stlth   +.........              m - amulet of Edul Poe {Spirit rN+}
HPRegen 0.23/turn               i - ring of flight
MPRegen 0.17/turn               (no ring)

@: spider-form, on berserk cooldown, flying, slowed, very slow
A: venomous fangs, reduced essence, tiny, unfitting armour, (tough skin 1)
a: End Transformation, Renounce Religion, Recall Ancestor, Ancestor Identity


You were on level 8 of the Dungeon.
You worshipped Hepliaklqana.
Hepliaklqana was aware of your devotion.
You were a venomous arachnid creature.
You visited 2 branches of the dungeon, and saw 9 of its levels.

You collected 340 gold pieces.

Inventory:

Hand Weapons
 j - the +7 great sword of Taxation (melded) {spect, *Rage rPois Str+8}
   (You found it on level 2 of the Dungeon)

   When its wielder attacks, the weapon's spirit leaps out and strikes again.
   The spirit shares a part of any damage it takes with its wielder.
   Str:       It affects your strength (+8).
   rPois:     It protects you from poison.
   *Rage:     It berserks you when you make melee attacks (+20% chance).
Armour
 a - a +0 robe (melded)
Jewellery
 i - a ring of flight (left front leg)
 m - the amulet of Edul Poe (around neck) {Spirit rN+}
   (You found it on level 4 of the Dungeon)

   [amulet of guardian spirit]

   It causes incoming damage to be divided between your reserves of health and
   magic.
   rN:        It protects you from negative energy.
Wands
 k - a wand of mindburst (13)
 l - a wand of polymorph (7)
 n - a wand of iceblast (20)
 t - a wand of acid (21)
 x - a wand of charming (2)
Scrolls
 b - 6 scrolls of teleportation {unknown}
 e - 3 scrolls of identify {unknown}
 h - a scroll of acquirement {unknown}
 p - 2 scrolls of magic mapping {unknown}
 u - 2 scrolls of fear {unknown}
 w - a scroll of blinking {unknown}
 y - a scroll of fog {unknown}
Potions
 c - 4 potions of ambrosia {unknown}
 d - a potion of resistance {unknown}
 f - a potion of cancellation {unknown}
 g - 2 potions of curing {unknown}
 o - a potion of invisibility {unknown}
 q - 2 potions of mutation {unknown}
 r - a potion of brilliance {unknown}
 s - 2 potions of attraction {unknown}
 v - a potion of haste {unknown}
 z - a potion of lignification {unknown}


   Skills:
 + Level 7.2 Fighting
 - Level 1.7 Dodging
 - Level 2.6 Unarmed Combat
 * Level 8.9 Spellcasting
 * Level 7.4 Transmutations
 - Level 2.0 Ice Magic
 - Level 2.0 Poison Magic


You had 15 spell levels left.
You knew the following spells:

 Your Spells              Type           Power      Damage    Failure   Level
a - Beastly Appendage     Tmut           54%        N/A       3%          1
b - Wereblood             Tmut           27%        N/A       4%          2
c - Spider Form           Tmut/Pois      19%        N/A       14%         3
d - Ice Form              Ice/Tmut       19%        N/A       36%         4

Your spell library contained the following spells:

 Spells                   Type           Power      Damage    Failure   Level
 Freeze                   Ice            44%        1d6       16%         1
 Ensorcelled Hibernation  Hex/Ice        18%        N/A       28%         2
 Frozen Ramparts          Ice            22%        1d4       34%         3
 Sublimation of Blood     Necr           6%         N/A       38%         2
 Hailstorm                Conj/Ice       9%         3d4       80%         4
 Anguish                  Hex/Necr       3%         N/A       89%         4
 Summon Hydra             Summ           3%         N/A       100%        7


Dungeon Overview and Level Annotations

Branches:
Dungeon (8/15)             Temple (1/1) D:6
   Lair: D:8-11

Altars:
Ashenzari
Cheibriados
Dithmenos
Elyvilon
Fedhas
Gozag
Hepliaklqana
Kikubaaqudgha
Makhleb
Nemelex Xobeh
Okawaru
Qazlal
Ru
Sif Muna
Trog
Uskayaw
Vehumet
Wu Jian
Xom
Yredelemnul
Zin
The Shining One

Annotations:
D:7 1 runed translucent door, Buttercup's ghost, novice MiFi


Innate Abilities, Weirdness & Mutations

You are a venomous arachnid creature.
You have poisonous fangs.
You are tiny and dextrous.
Your spellcasting is less reliable in this form.
Your armour is entirely melded.
You are incapable of wielding weapons or throwing items.
Your life essence is reduced to manifest your ancestor. (-10% HP)
You are too large for most types of armour.
((You have tough skin. (AC +1)))


Message History

The yak completely misses you. The yak gores you but does no damage.
The yak misses you.
You slash the yak!
The yak is moderately wounded.
The yak gores you! The yak gores you.
You barely miss the yak.
The yak is heavily wounded.
The yak gores you! The yak barely misses you. The yak gores you.
You slice the yak!!
You kill the yak!
The yak gores you.
You slash the yak!
The yak is severely wounded.
The yak gores you! The yak gores you.
Unknown command.
You swap places.
The yak gores Nakurtum!
Nakurtum barely misses the yak.
The yak gores Nakurtum!
You swap places.
You feel a strong urge to attack something.
You are too injured to fight recklessly!
You are too injured to fight recklessly!
You barely miss the yak. The yak gores you. The yak gores you!
You slice the yak!!
The yak is heavily wounded.
You are no longer berserk.
You are exhausted.
You feel yourself slow down. The yak gores you!
* * * LOW HITPOINT WARNING * * *
The yak gores you!
* * * LOW HITPOINT WARNING * * *
You swap places.
The yak gores Nakurtum! x2
Nakurtum is destroyed!
Unknown command.
Okay, then.
Casting: Beastly Appendage (safe; 1% risk of failure)
Confirm with . or Enter, or press ? or * to list all spells.
You turn into a venomous arachnid creature.
The +7 great sword of Taxation {spect, *Rage rPois Str+8} melds into your body.
Your +0 robe melds into your body.
The yak gores you!
You die...

#####....###.........####....#
...........+.........'.......##
#####....###..........###.....#
####.#.# ##....####+####....#
#...##<# ##...#......[##...#
#......# ##..#...♣...###.##
#.(.#### ##+#..♣.♣..###.# ##.##
#.'.♣R♣R♣.'.#R# #.#
#s#..♣R♣).#...# #.#
#Y#...♣..†###.# #..
.......Y#.......# #.# ####
#####...####+#### #.# ##... #.#
#..# #.# #..# ..# #... ### #).#


You could see 2 yaks.

Vanquished Creatures
  Prince Ribbit (D:5)
  A yak (D:8)
  2 water moccasins (D:7)
  Duvessa (D:5)
  3 ice beasts
  A sky beast (D:7)
  An orc warrior (D:6)
  A black bear (D:6)
  A centaur (D:4)
  A phantom (D:5)
  A bullfrog (D:7)
  A gnoll sergeant (D:4)
  2 scorpions
  A water moccasin zombie (D:5)
  A water moccasin skeleton (D:5)
  A wyvern skeleton (D:5)
  Dowan (D:5)
  An oklob sapling (D:6)
  A wight (D:8)
  2 howler monkeys (D:8)
  2 bullfrog zombies
  A centaur zombie (D:7)
  4 hounds
  A jelly (D:7)
  3 orc priests
  3 iguanas
  4 orc wizards
  A hound skeleton (D:4)
  12 gnolls
  An adder (D:2)
  A shadow imp (D:6)
  A worm (D:2)
  3 dart slugs
  24 orcs
  3 bats
  7 endoplasms
  A giant cockroach (D:3)
  4 goblins
  11 hobgoblins
  3 jackals (D:5)
  3 quokkas
  6 ball pythons
  4 frilled lizards
  4 kobolds
  3 rats
135 creatures vanquished.

Vanquished Creatures (others)
  An ancestor (D:8)
  A plant (D:6)
  2 withered plants (D:7)
4 creatures vanquished.

Grand Total: 139 creatures vanquished

Notes
Turn   | Place    | Note
-------+----------+-------------------------------------------
     0 | D:1      | Zeld the Ogre Transmuter began the quest for the Orb.
     0 | D:1      | Reached XP level 1. HP: 19/19 MP: 3/3
   365 | D:1      | Reached XP level 2. HP: 22/27 MP: 5/5
   443 | D:1      | Learned a level 2 spell: Wereblood
  1325 | D:2      | Reached XP level 3. HP: 32/35 MP: 5/7
  1340 | D:2      | Learned a level 3 spell: Spider Form
  1422 | D:2      | Reached skill level 3 in Spellcasting
  1732 | D:2      | Found a faded altar of an unknown god.
  2024 | D:2      | Identified the +7 great sword of Taxation {spect, *Rage
                  | rPois Str+8}
  2220 | D:3      | Reached XP level 4. HP: 42/42 MP: 8/8
  2221 | D:3      | Reached skill level 1 in Ice Magic
  2221 | D:3      | Reached skill level 1 in Poison Magic
  2320 | D:3      | Reached XP level 5. HP: 50/50 MP: 10/10
  2802 | D:3      | Learned a level 4 spell: Ice Form
  3009 | D:4      | Noticed a centaur
  3013 | D:4      | Killed a centaur
  3014 | D:4      | Reached skill level 4 in Spellcasting
  3015 | D:4      | Reached XP level 6. HP: 32/61 MP: 10/12
  3026 | D:4      | Identified the +6 war axe "Naozis" {antimagic, rElec rC+
                  | Str+2}
  3573 | D:4      | Identified the amulet of Edul Poe {Spirit rN+}
  4249 | D:5      | Entered Level 5 of the Dungeon
  4277 | D:5      | Noticed Prince Ribbit
  4283 | D:5      | Identified the +5 rapier "Menel" {drain, rF+ rC+ rN+ Dex-5}
  4294 | D:5      | Killed Prince Ribbit
  4295 | D:5      | Reached skill level 5 in Spellcasting
  4295 | D:5      | Reached XP level 7. HP: 55/70 MP: 11/14
  4444 | D:5      | Noticed Duvessa
  4444 | D:5      | Noticed Dowan
  4448 | D:5      | Killed Duvessa
  4449 | D:5      | Reached XP level 8. HP: 74/79 MP: 14/16
  4451 | D:5      | Reached skill level 6 in Spellcasting
  4451 | D:5      | Reached skill level 5 in Transmutations
  4456 | D:5      | Killed Dowan
  4987 | D:4      | Reached skill level 5 in Fighting
  6522 | D:6      | Reached skill level 7 in Spellcasting
  7347 | D:6      | Found a staircase to the Ecumenical Temple.
  7360 | Temple   | Entered the Ecumenical Temple
  7637 | Temple   | Became a worshipper of Hepliaklqana the Forgotten
  7798 | D:6      | Reached XP level 9. HP: 84/89 MP: 20/20
  7900 | D:6      | Reached skill level 8 in Spellcasting
  8471 | D:7      | Found a runed translucent door.
  8484 | D:7      | Noticed Buttercup's ghost (novice MiFi)
  8755 | D:7      | Reached * piety under Hepliaklqana
  8934 | D:7      | Found a hide-covered altar of Uskayaw.
  9746 | D:8      | Slain by a yak

Illustrated notes

Levels and vault maps discovered:
D:1:      amcnicky_arrival_flooded_fountain, layout_basic
D:2:      layout_basic, chequers_ecumenical_altar_simple
D:3:      layout_basic
D:4:      layout_gridville
D:5:      layout_loops_ring, uniq_duvessa, uniq_prince_ribbit1
D:6:      layout_basic, minmay_temple_entry_oklob
D:7:      layout_basic, old_standard_altar, gammafunk_ghost_grave
D:8:      layout_loops_corners, kennysheep_generic_room_10, uniq_harold
Temple:   mainiacjoe_temple_hex_bubbles

Skill      XL: |  1  2  3  4  5  6  7  8  9 |
---------------+----------------------------+-----
Transmutations | 2 3 4 6 7 |  7.4
Fighting       | 2 3 4 6 7 |  7.2
Spellcasting   | 3 4 5 7 8 |  8.9
Ice Magic      | 1 2 |  2.0
Poison Magic   | 1 2 |  2.0
Dodging        | |  1.7
Unarmed Combat | |  2.6

Action                   |  1- 3 |  4- 6 |  7- 9 || total
-------------------------+-------+-------+-------++-------
Melee: Unarmed           |   108 |       |       ||   108
       Kick              |    21 |       |       ||    21
       Headbutt          |     6 |       |       ||     6
       Punch             |     3 |       |       ||     3
       Great sword       |     2 |    47 |   106 ||   155
 Cast: Beastly Appendage |    32 |       |       ||    32
       Spider Form       |       |       |     1 ||     1
Invok: Ancestor Identity |       |       |     1 ||     1
 Stab: Distracted        |       |       |     1 ||     1
       Sleeping          |       |       |     1 ||     1
Armor: Robe              |    54 |     7 |    16 ||    77
Dodge: Dodged            |    66 |    15 |    67 ||   148
